AoeStats
← VadersSon2004

African Clearing

510464955Analyzed
4v4 RM · 3d ago on Oct 1, 2026· 72m 40s· 8 players
Game mode
Random Map
Map size
Large (8 player)
Population
200
Speed
Normal
Resources
Standard
Victory
Conquest
Starting age
Dark Age
Ending age
Imperial Age
RankedLock teamsTeams togetherTeam positionsShared explorationLock speedFull tech treeHidden civsTurbo modeCheats
Victory
Defeat
🇦🇺 Burgundians · Australia
1131
+16
🇯🇵 Varangians · Japan
1071
+18
🇺🇸 Britons · United States
1070
+18
🇺🇸 Koreans · United States
1040
+20
🇨🇴 Turks · Colombia
1205
-22
🇨🇴 Huns · Colombia
1131
-18
🇨🇴 Vietnamese · Colombia
1084
-16
🇨🇴 Jurchens · Colombia
1079
-16
ebag876
4:54 Loom
14:44 Feudal Age
19:23 Castle Age
17:41 Padded Archer Armor
17:42 Double-Bit Axe
18:35 Fletching
19:28 Crossbowman
30:53 Bodkin Arrow
31:54 Leather Archer Armor
32:33 Ballistics
34:00 Wheelbarrow
33:07 Horse Collar
38:28 Bow Saw
40:01 Forging
39:57 Scale Barding Armor
46:21 Imperial Age
46:20 Pikeman
50:21 Hand Cart
53:39 Arbalester
60:07 Halberdier
60:52 Bracer
60:52 Town Watch
61:00 Gold Mining
61:44 Conscription
62:29 Iron Casting
61:54 Scale Mail Armor
62:28 Squires
66:05 Heavy Plow
67:08 Chemistry
72:12 Blast Furnace
71:28 Chain Mail Armor
71:44 Ring Archer Armor
71:58 Yeomen
Tamejirou
3:22 Loom
12:25 Feudal Age
13:25 Double-Bit Axe
15:29 Fletching
17:33 Wheelbarrow
17:19 Padded Archer Armor
19:11 Town Watch
27:49 Castle Age
31:21 Horse Collar
40:33 Squires
41:28 Hand Cart
42:08 Scale Barding Armor
42:46 Town Watch
45:11 Pikeman
46:09 Scale Mail Armor
46:20 Forging
48:05 Bodkin Arrow
48:26 Chain Mail Armor
51:14 Husbandry
51:24 Bloodlines
50:35 Light Cavalry
57:34 Imperial Age
57:42 Imperial Age
57:02 Ballistics
56:23 Treadmill Crane
58:08 Iron Casting
57:49 Leather Archer Armor
57:58 Gold Mining
58:23 Heavy Plow
57:46 Elite Skirmisher
58:04 Halberdier
59:29 Plate Mail Armor
60:00 Blast Furnace
59:01 Bracer
62:14 Guilds
65:34 Bow Saw
68:06 Ring Archer Armor
68:01 Conscription
68:10 Cavalier
69:34 Vendel Legacy
70:28 Gothikon
StandingTall
5:54 Loom
14:36 Feudal Age
15:21 Horse Collar
16:25 Horse Collar
24:48 Castle Age
23:37 Double-Bit Axe
24:16 Forging
27:37 Wheelbarrow
27:25 Husbandry
29:33 Cavalier
32:33 Scale Barding Armor
33:13 Bow Saw
36:44 Chain Barding Armor
39:19 Hand Cart
41:45 Imperial Age
40:38 Iron Casting
39:51 Town Watch
41:49 Pikeman
44:20 Scale Mail Armor
47:27 Blast Furnace
48:46 Squires
48:10 Halberdier
48:38 Light Cavalry
49:11 Gold Mining
50:59 Gold Shaft Mining
50:14 Stone Mining
50:33 Burgundian Vineyards
49:54 Hussar
50:56 Arson
51:48 Plate Barding Armor
51:28 Chain Mail Armor
51:57 Paladin
53:44 Conscription
52:56 Sappers
54:25 Plate Mail Armor
57:39 Herbal Medicine
59:47 Fletching
59:54 Treadmill Crane
60:34 Ballistics
61:15 Chemistry
62:45 Bodkin Arrow
63:21 Murder Holes
63:47 Bombard Tower
65:35 Two-Man Saw
64:37 Heavy Plow
67:52 Stone Shaft Mining
71:31 Crop Rotation
72:04 Masonry
71:55 Bracer
VadersSon2004
7:53 Loom
15:36 Feudal Age
19:20 Castle Age
17:31 Double-Bit Axe
18:10 Horse Collar
20:45 Wheelbarrow
21:53 Fletching
22:55 Bow Saw
22:54 Gold Mining
23:34 Crossbowman
24:47 Bodkin Arrow
25:56 Heavy Plow
28:17 Ballistics
28:20 Stone Mining
28:50 Thumb Ring
29:49 Town Watch
35:44 Imperial Age
34:04 Hand Cart
35:50 Arbalester
36:33 Bracer
39:30 Conscription
40:36 Two-Man Saw
40:26 Town Patrol
44:15 Chemistry
44:03 Gold Shaft Mining
46:30 Pikeman
47:10 Squires
47:24 Forging
47:14 Scale Mail Armor
47:36 Halberdier
49:04 Iron Casting
54:04 Eupseong
58:31 Chain Mail Armor
60:29 Plate Mail Armor
59:41 Heavy Rocket Cart
60:43 Shinkichon
66:10 Arson
67:51 Arrowslits
67:48 Treadmill Crane
68:19 Masonry
68:18 Siege Engineers
zFox1982
7:14 Loom
16:33 Feudal Age
17:18 Double-Bit Axe
17:15 Horse Collar
22:06 Fletching
29:50 Wheelbarrow
33:36 Castle Age
32:58 Bloodlines
34:47 Bodkin Arrow
34:14 Elite Skirmisher
36:29 Squires
36:34 Gold Mining
37:41 Bow Saw
44:36 Hand Cart
44:29 Heavy Plow
53:04 Imperial Age
54:36 Ballistics
54:23 Imperial Skirmisher
63:55 Crop Rotation
64:48 Two-Man Saw
65:17 Pikeman
65:46 Arson
68:02 Chemistry
67:17 Halberdier
69:21 Padded Archer Armor
johnhembert
14:34 Feudal Age
18:50 Castle Age
16:37 Double-Bit Axe
18:08 Wheelbarrow
17:50 Horse Collar
19:30 Wheelbarrow
18:48 Gold Mining
18:50 Stone Mining
20:22 Bow Saw
20:35 Heavy Plow
22:38 Hand Cart
24:11 Husbandry
24:28 Loom
26:37 Forging
26:40 Scale Barding Armor
27:16 Bloodlines
26:28 Light Cavalry
31:20 Iron Casting
32:30 Chain Barding Armor
34:10 Fletching
34:20 Padded Archer Armor
40:39 Bodkin Arrow
40:59 Leather Archer Armor
41:03 Scale Mail Armor
45:04 Chain Mail Armor
47:39 Imperial Age
49:23 Blast Furnace
49:00 Plate Barding Armor
49:37 Conscription
49:26 Fortified Bastions
56:54 Hussar
59:27 Elite Steppe Lancer
62:32 Hoardings
63:33 Bracer
64:03 Ring Archer Armor
64:15 Arson
64:30 Squires
63:55 Pikeman
65:31 Gambesons
67:24 Elite Fire Lancer
69:12 Elite Skirmisher
70:30 Imperial Skirmisher
72:13 Halberdier
chomisplate
6:10 Loom
16:38 Feudal Age
20:42 Castle Age
21:11 Fletching
21:22 Padded Archer Armor
23:12 Ballistics
29:09 Bodkin Arrow
31:07 Leather Archer Armor
33:01 Scale Barding Armor
39:42 Double-Bit Axe
45:11 Gold Mining
46:58 Horse Collar
50:21 Wheelbarrow
50:45 Bloodlines
50:36 Husbandry
55:17 Imperial Age
52:36 Elite Skirmisher
54:57 Light Cavalry
56:04 Forging
56:36 Conscription
55:48 Imperial Skirmisher
56:53 Heavy Plow
57:45 Bracer
58:30 Bow Saw
59:33 Thumb Ring
59:56 Marauders
60:31 Chain Barding Armor
61:20 Two-Man Saw
62:01 Hand Cart
62:24 Iron Casting
64:16 Scale Mail Armor
65:17 Blast Furnace
65:41 Plate Barding Armor
66:14 Gold Shaft Mining
67:13 Chemistry
67:20 Chain Mail Armor
67:54 Parthian Tactics
cubdie
12:56 Feudal Age
13:02 Loom
16:47 Castle Age
15:45 Double-Bit Axe
40:03 Imperial Age
40:00 Scale Barding Armor
40:06 Forging
40:43 Bloodlines
41:20 Chain Barding Armor
43:11 Plate Barding Armor
43:05 Husbandry
Connection lost

Rejoining the realm…

Still unreachable

The connection could not be restored.

Session expired

The server has moved on; the page needs a fresh start.